 Dungeon Crawl Stone Soup version 0.25-a0-860-gf695395b5c (webtiles) character file.

Game seed: 2705069654095735462, levelgen mode: deterministic

49 Maedhros the Charlatan (level 3, -1/23 HPs)
             Began as an Octopode Artificer on Apr 27, 2020.
             Slain by a kobold
             ... wielding a +0 short sword
              (6 damage)
             ... on level 3 of the Dungeon.
             The game lasted 00:01:36 (223 turns).

Maedhros the Charlatan (Octopode Artificer)          Turns: 223, Time: 00:01:37

Health: -1/23      AC:  1    Str: 11    XL:     3   Next: 75%
Magic:  4/6        EV: 13    Int: 13    God:
Gold:   22         SH:  0    Dex: 13    Spells: 2/2 levels left

rFire    . . .     SeeInvis .   a - +0 short sword
rCold    . . .     Gourm    .   (no shield)
rNeg     . . .     Faith    .   (helmet restricted)
rPois    .         Spirit   .   (no amulet)
rElec    .         Reflect  .   (no ring)
rCorr    .         Harm     .   (no ring)
MR       .....                  (no ring)
Stlth    +++.......             (no ring)
HPRegen  0.07/turn              (no ring)
MPRegen  0.10/turn              (no ring)
                                (no ring)
                                (no ring)

@: no status effects
A: almost no armour, stealthy swim, amphibious, 8 rings, constrict 8, camouflage
1, gelatinous body 1
a: no special abilities


You were on level 3 of the Dungeon.
You were not hungry.

You visited 1 branch of the dungeon, and saw 3 of its levels.

You collected 22 gold pieces.

Inventory:

Hand Weapons
 a - a +0 short sword (weapon)
Wands
 b - a wand of flame (10)
 c - a wand of enslavement (13)
 d - a wand of random effects (14)
Scrolls
 e - a scroll of remove curse {unknown}
 g - 2 scrolls of identify {unknown}
Comestibles
 f - a ration


   Skills:
 - Level 1.0 Fighting
 - Level 1.0 Short Blades
 - Level 2.0 Dodging
 - Level 4.0 Stealth
 + Level 0.5 Unarmed Combat
 - Level 4.0 Evocations


You had 2 spell levels left.
You didn't know any spells.
Your spell library was empty.

Dungeon Overview and Level Annotations

Branches:
Dungeon (3/15)

Altars:
Hepliaklqana
Trog


Innate Abilities, Weirdness & Mutations

You cannot wear most types of armour.
You are very stealthy in the water. (Stealth+)
You are amphibious.
You can wear up to eight rings at the same time.
You can use your tentacles to constrict eight enemies at once.
Your skin changes colour to match your surroundings (Stealth+).
Your rubbery body absorbs attacks. (AC +1, EV +1)


Message History

Evoke which item? (* to show all) (? for menu, Esc to quit)
Aiming: Throw Flame
Press: ? - help, Shift-Dir - straight line, f - kobold
Aim: a kobold, wielding a +0 short sword and wearing a +0 plate armour The puff of flame misses the kobold.
Evoke which item? (* to show all) (? for menu, Esc to quit)
Aiming: Throw Flame
Press: ? - help, Shift-Dir - straight line, f/p - kobold
Aim: a kobold, wielding a +0 short sword and wearing a +0 plate armour The puff of flame hits the kobold but does no damage.
Evoke which item? (* to show all) (? for menu, Esc to quit)
Aiming: Throw Flame
Press: ? - help, Shift-Dir - straight line, f/p - kobold
Aim: a kobold, wielding a +0 short sword and wearing a +0 plate armour The puff of flame hits the kobold.
The kobold is moderately wounded.
You hit the kobold but do no damage. You grab the kobold.
You constrict the kobold.
The kobold hits you with a +0 short sword.
You die...

######..... #.=.......#
#.†........ #..>......#
#.####.#### ..........#
#.# ..... ...g..<...#
#.#.......# #...[.....##
#.#.......#
#..........###....._....
#.....K.#.....#......r#
#....@.####..#.......#
######...##..# .....
###..#..####.##
##)..........
##.......... #.........
#......... ##.g......
#..S.....


You could see a goblin and a kobold.

Vanquished Creatures
  Jessica (D:3)
  A leopard gecko (D:1)
  An orc (D:3)
  2 goblins
  A hobgoblin (D:1)
  2 jackals (D:2)
  3 kobolds (D:1)
  A bat (D:2)
  A frilled lizard (D:3)
  2 rats (D:3)
15 creatures vanquished.

Vanquished Creatures (collateral kills)
  An adder (D:2)
  A leopard gecko (D:2)
2 creatures vanquished.

Vanquished Creatures (others)
  A quokka (D:2)
  A ball python (D:3)
2 creatures vanquished.

Grand Total: 19 creatures vanquished

Notes
Turn   | Place    | Note
-------+----------+-------------------------------------------
     0 | D:1      | Maedhros the Octopode Artificer began the quest for the
                  | Orb.
     0 | D:1      | Reached XP level 1. HP: 13/13 MP: 3/3
    32 | D:1      | Reached XP level 2. HP: 10/18 MP: 4/4
   151 | D:2      | Found a bloodstained altar of Trog.
   186 | D:3      | Found a hazy altar of Hepliaklqana.
   213 | D:3      | Noticed Jessica
   219 | D:3      | Killed Jessica
   219 | D:3      | Reached XP level 3. HP: 5/23 MP: 4/6
   223 | D:3      | Slain by a kobold

Levels and vault maps discovered:
D:1:      ldierk_water_garden, layout_loops_cross, minmay_box_of_dots
D:2:      layout_loops_ring, old_standard_altar, minmay_tetromino_l2,
          uniq_terence
D:3:      layout_rooms, old_standard_altar, kiku_gazebo_pond_becter,
          uniq_jessica, uniq_robin, uniq_ijyb

Skill      XL: |  1  2 |
---------------+-------+-----
Stealth        | 2 4 |  4.0
Evocations     | 4 |  4.0
Fighting       | |  1.0
Short Blades   | |  1.0
Dodging        | |  2.0
Unarmed Combat | |  0.5

Action                   || total
-------------------------++-------
Melee: Short sword       ||    26
       Constrict         ||     8
       Tentacles         ||     1
Evoke: Wand              ||     8
 Stab: Sleeping          ||     2
Armor: Skin              ||     2
Dodge: Dodged            ||    14

Table legend:
 A = Non-vault XP
 B = Vault XP
 C = Vault XP percentage of total XP
 D = Non-vault monster count
 E = Vault monster count
 F = Vault count percentage of total count
                 A         B        C        D         E       F
            +---------+---------+-------+---------+---------+-------
      Total |      33 |      37 |  52.9 |      16 |       1 |   5.9
            +---------+---------+-------+---------+---------+-------
        D:1 |      11 |       0 |   0.0 |       6 |       0 |   0.0
        D:2 |      14 |       0 |   0.0 |       5 |       0 |   0.0
        D:3 |       8 |      37 |  82.2 |       5 |       1 |  16.7
            +---------+---------+-------+---------+---------+-------
